 Dungeon Sprint DCSS version 0.28.0-43-g3370ac3207 (webtiles) character file.

Game seed: 9712195263243113391

7834 boopmooplesden the Severer (level 11, -4/141 (171) HPs)
             Began as a Minotaur Berserker on Mar 13, 2022.
             Was the Champion of Trog.
             Killed from afar by Frances (37 damage)
             ... with a shard of ice
             ... in the Dungeon (Sprint III: "The Ten Rune Challenge").
             The game lasted 00:08:55 (2553 turns).

boopmooplesden the Severer (Minotaur Berserker)     Turns: 2553, Time: 00:08:55

HP:   -4/141 (171)  AC: 14    Str: 23    XL:     11   Next: 2%
MP:   9/10          EV: 10    Int:  4    God:    Trog [******]
Gold: 1336          SH:  0    Dex: 11    Spells: 10/10 levels left

rFire   . . .      SeeInvis .   u - +3 battleaxe (vorpal)
rCold   . . .      Faith    .   (shield currently unavailable)
rNeg    . . .      Spirit   .   s - +0 plate armour
rPois   .          Reflect  .   (helmet restricted)
rElec   .          Harm     .   n - scarf {+Inv}
rCorr   .          Rampage  .   (no gloves)
Will    .....      NoTele   +   (no boots)
Stlth   ..........              (no amulet)
HPRegen 1.13/turn               (no ring)
MPRegen 0.12/turn               (no ring)

@: berserking (expiring), lethally poisoned (-4 -> -5), very slightly
contaminated, slowed, heavily drained, invisible
A: horns 2, retaliatory headbutt, talons 1, dopey 1, regeneration 1
a: Renounce Religion, Evoke Invisibility, Berserk, Trog's Hand, Brothers in Arms


You were in the Dungeon.
You worshipped Trog.
Trog was exalted by your worship.
You visited 1 branch You collected 1336 gold pieces.

Inventory:

Hand Weapons
 a - a +0 hand axe
 o - a +2 long sword of holy wrath
 q - a +3 great mace of holy wrath
 t - a +4 antimagic hand axe
 u - a +3 vorpal battleaxe (weapon)
 w - a +3 battleaxe of flaming
Missiles
 e - a silver boomerang (quivered)
Armour
 b - a +0 animal skin
 n - a scarf of invisibility (worn)
 r - a +0 chain mail
 s - a +0 plate armour (worn)
Scrolls
 h - a scroll of blinking
 j - a scroll of holy word {unknown}
 k - 4 scrolls of identify
 l - a scroll of torment {unknown}
Potions
 c - 2 potions of curing
 d - a potion of heal wounds
 f - 2 potions of magic
 g - 2 potions of berserk rage
 i - a potion of mutation
 m - 2 potions of flight
 v - a potion of lignification {unknown}
Miscellaneous
 p - a lightning rod (4/4)


   Skills:
 + Level 16.2 Fighting
 + Level 18.0 Axes
 + Level 2.3 Throwing
 + Level 9.0 Armour
 + Level 9.4 Dodging
 + Level 9.7 Stealth
 + Level 8.6 Evocations


You had 10 spell levels left.
You didn't know any spells.
Your spell library was empty.

Dungeon Overview and Level Annotations

Branches:
Dungeon (1/1)

Altars:
Cheibriados
Dithmenos
Elyvilon
Fedhas
Gozag
Hepliaklqana
Kikubaaqudgha
Makhleb
Nemelex Xobeh
Okawaru
Qazlal
Ru
Sif Muna
Trog
Uskayaw
Vehumet
Wu Jian
Xom
Yredelemnul
Zin
The Shining One
Beogh
Jiyva
Lugonu

Shops:
D :

Annotations:
D Donald, Frances


Innate Abilities, Weirdness & Mutations

You have a pair of horns on your head.
You reflexively headbutt those who attack you in melee.
You have sharp toenails.
You are dopey. (Int -2)
Your natural rate of healing is unusually fast.


Message History

You slash Donald! You claw Donald, but do no damage.
Your headbutt misses Donald.
Donald is lightly wounded.
You feel sick.
Frances hits you with a +1 war axe of holy wrath.
Donald hits you with a +2 war axe of holy wrath!!
You barely miss Frances. You closely miss Donald.
You feel sick.
Frances hits you with a +1 war axe of holy wrath!
Donald hits you but does no damage.
You slice Frances!! You claw Frances! Your headbutt misses Frances.
Frances is moderately wounded.
Donald blocks your attack.
You catch the helpless Donald completely off-guard!
You slice Donald!!
You feel sick. Frances barely misses you.
Donald hits you with a +2 war axe of holy wrath.
You hit Frances. You claw Frances!
Frances is moderately wounded.
You hit Donald.
You feel sick.
Frances hits you with a +1 war axe of holy wrath!
Donald hits you with a +2 war axe of holy wrath!
You slice Frances!! You claw Frances!
Frances is severely wounded.
Donald blocks your attack.
You catch the helpless Donald completely off-guard!
You slash Donald!
You feel sick. Frances closely misses you.
You closely miss Frances. You claw Frances!
Frances is severely wounded.
You slash Donald!
Frances whispers indecipherable words.
Donald hits you with a +2 war axe of holy wrath!!
Frances hits you with a +1 war axe of holy wrath!!
* * * LOW HITPOINT WARNING * * *
Donald gestures wildly while chanting.
Donald seems to grow stronger.
You slice Frances!! Your headbutt misses Frances.
Frances is almost dead.
Donald blocks your attack.
You slice the ynoxinul!!
You feel sick.
Frances whispers indecipherable words.
The shard of ice hits you!!!
You die...

#....#.#.#....†#...^..'...≈≈#
##)#))#.##)###)#^.....#...≈≈###
'##.#.#.##.#))##.....^#...≈≈≈≈#
#)).#..#..##..'.......#†..≈≈≈≈#
▓▓▓▓▓▓▓▓▓▓▓▓▓▓#.^^..^^#.......#
........≈)≈...#.....^.#.......#
≈≈≈≈≈≈≈≈≈≈♣♣..'.......#.......#
♣♣♣♣♣♣♣♣♣♣♣♣PP#^^.....#########
♣♣♣##@###### #3@@+ #3..# #...#
#####


You could see Frances (fast), Donald (fast, strong), a neqoxec (summoned) and a
ynoxinul (summoned).

Vanquished Creatures
  Erolcha (D)
  An orc knight (D)
  A deep elf pyromancer (D)
  2 orc sorcerers (D)
  2 cane toads (D)
  A komodo dragon (D)
  A queen bee (D)
  A shadow (D)
  2 redbacks (D)
  3 wandering mushrooms (D)
  A spatial vortex (D)
  3 orc warriors (D)
  A necrophage (D)
  5 two-headed ogres (D)
  A water elemental (D)
  A scorpion (D)
  32 killer bees (D)
  A jelly (D)
  An orc priest (D)
  Jessica (D)
  A necromancer (D)
  2 orc wizards (D)
  A wizard (D)
  3 humans (D)
  A kobold demonologist (D)
  8 orcs (D)
  2 endoplasms (D)
  A rat (D)
81 creatures vanquished.

Vanquished Creatures (collateral kills)
  An orc knight (D)
1 creature vanquished.

Vanquished Creatures (others)
  A plant (D)
1 creature vanquished.

Grand Total: 83 creatures vanquished

Notes
Turn   | Place    | Note
-------+----------+-------------------------------------------
     0 | D        | boopmooplesden the Minotaur Berserker began the quest for
                  | the Orb.
     0 | D        | Reached XP level 1. HP: 19/19 MP: 0/0
     4 | D        | Reached skill level 4 in Axes
    14 | D        | Noticed Jessica
    17 | D        | Reached ** piety under Trog
    18 | D        | Killed Jessica
    19 | D        | Reached skill level 5 in Fighting
    19 | D        | Reached skill level 5 in Axes
    19 | D        | Reached XP level 2. HP: 30/30 MP: 1/1
    19 | D        | Reached XP level 3. HP: 37/37 MP: 2/2
   212 | D        | Reached skill level 6 in Axes
   220 | D        | Noticed a scorpion
   228 | D        | Killed a scorpion
   229 | D        | Reached skill level 7 in Axes
   229 | D        | Reached XP level 4. HP: 14/47 MP: 3/3
   432 | D        | Gained mutation: You passively map a small area around you.
                  | [potion of mutation]
   432 | D        | Gained mutation: You are frail. (-10% HP) [potion of
                  | mutation]
   432 | D        | Gained mutation: You possess an exceptional clarity of
                  | mind. [potion of mutation]
   433 | D        | Lost mutation: You are frail. (-10% HP) [potion of
                  | mutation]
   433 | D        | Lost mutation: You possess an exceptional clarity of mind.
                  | [potion of mutation]
   433 | D        | Lost mutation: You passively map a small area around you.
                  | [potion of mutation]
   433 | D        | Gained mutation: You sometimes lose the ability to read
                  | scrolls when taking damage. [potion of mutation]
   433 | D        | Gained mutation: Your muscles are strong. (Str +2) [potion
                  | of mutation]
   434 | D        | Lost mutation: You sometimes lose the ability to read
                  | scrolls when taking damage. [potion of mutation]
   434 | D        | Lost mutation: Your muscles are strong. (Str +2) [potion of
                  | mutation]
   434 | D        | Gained mutation: You are dopey. (Int -2) [potion of
                  | mutation]
   434 | D        | Gained mutation: Your natural rate of healing is unusually
                  | fast. [potion of mutation]
   434 | D        | Gained mutation: You have sharp toenails. [potion of
                  | mutation]
   453 | D        | Noticed a water elemental
   456 | D        | Killed a water elemental
   456 | D        | Reached *** piety under Trog
   457 | D        | Reached skill level 9 in Axes
   457 | D        | Reached XP level 5. HP: 55/55 MP: 4/4
   685 | D        | Found a basalt altar of Yredelemnul.
   685 | D        | Found a shadowy altar of Dithmenos.
   685 | D        | Found a sacrificial altar of Ru.
   685 | D        | Noticed a necrophage
   691 | D        | Killed a necrophage
   692 | D        | Reached skill level 10 in Axes
   692 | D        | Reached skill level 5 in Dodging
   692 | D        | Reached skill level 1 in Stealth
   692 | D        | Reached XP level 6. HP: 64/64 MP: 5/5
   725 | D        | Found a hide-covered altar of Uskayaw.
   725 | D        | Found an iron altar of Okawaru.
   725 | D        | Found a bloodstained altar of Trog.
   725 | D        | Found an ornate altar of the Wu Jian Council.
   725 | D        | Noticed a human
   726 | D        | Noticed a human
   730 | D        | Killed a human
   731 | D        | Reached skill level 10 in Fighting
   731 | D        | Reached skill level 11 in Axes
   731 | D        | Reached skill level 5 in Armour
   734 | D        | Killed a human
   734 | D        | Reached **** piety under Trog
   735 | D        | Reached skill level 12 in Axes
   735 | D        | Reached XP level 7. HP: 74/74 MP: 6/6
   880 | D        | Found a glowing silver altar of Zin.
   880 | D        | Found a glowing golden altar of the Shining One.
   880 | D        | Found a white marble altar of Elyvilon.
   881 | D        | Noticed a deep elf pyromancer
   884 | D        | Killed a deep elf pyromancer
   885 | D        | Reached skill level 13 in Axes
   885 | D        | Reached skill level 1 in Evocations
   915 | D        | Found a radiant altar of Vehumet.
   915 | D        | Found a shimmering blue altar of Sif Muna.
   915 | D        | Found an ancient bone altar of Kikubaaqudgha.
   919 | D        | Reached XP level 8. HP: 79/79 MP: 4/7
   922 | D        | Reached ***** piety under Trog
  1088 | D        | Found a blossoming altar of Fedhas.
  1088 | D        | Found a stormy altar of Qazlal.
  1089 | D        | Found a snail-covered altar of Cheibriados.
  1089 | D        | Found a burning altar of Makhleb.
  1089 | D        | Found a hazy altar of Hepliaklqana.
  1089 | D        | Found a shimmering altar of Xom.
  1089 | D        | Found an opulent altar of Gozag.
  1089 | D        | Found a sparkling altar of Nemelex Xobeh.
  1089 | D        | Found a corrupted altar of Lugonu.
  1089 | D        | Found a viscous altar of Jiyva.
  1107 | D        | Reached skill level 14 in Axes
  1678 | D        | Noticed an orc sorcerer
  1679 | D        | Found Vuxonu's Book Boutique.
  1680 | D        | Noticed an orc knight
  1680 | D        | Noticed an orc knight
  1683 | D        | Noticed an orc sorcerer
  1686 | D        | Killed an orc sorcerer
  1687 | D        | Reached skill level 5 in Stealth
  1694 | D        | Killed an orc sorcerer
  1694 | D        | Received a gift from Trog
  1695 | D        | Reached skill level 15 in Axes
  1695 | D        | Reached XP level 9. HP: 69/95 MP: 6/8
  1700 | D        | Killed an orc knight
  1701 | D        | Reached skill level 5 in Evocations
  1706 | D        | Killed an orc knight
  1708 | D        | Received a gift from Trog
  1749 | D        | Reached skill level 16 in Axes
  1788 | D        | Reached ****** piety under Trog
  1788 | D        | Received a gift from Trog
  1972 | D        | Noticed a two-headed ogre
  1978 | D        | Killed a two-headed ogre
  1998 | D        | Noticed a two-headed ogre
  1998 | D        | Noticed Erolcha
  2001 | D        | Killed Erolcha
  2002 | D        | Reached XP level 10. HP: 104/104 MP: 6/9
  2007 | D        | Received a gift from Trog
  2008 | D        | Reached skill level 15 in Fighting
  2110 | D        | Received a gift from Trog
  2128 | D        | Received a gift from Trog
  2216 | D        | Reached skill level 17 in Axes
  2233 | D        | Received a gift from Trog
  2376 | D        | Received a gift from Trog
  2417 | D        | Reached skill level 1 in Throwing
  2438 | D        | Noticed a cane toad
  2438 | D        | Noticed a cane toad
  2441 | D        | Killed a cane toad
  2447 | D        | Killed a cane toad
  2453 | D        | Reached skill level 18 in Axes
  2453 | D        | Reached XP level 11. HP: 64/114 MP: 10/10
  2544 | D        | Noticed Donald
  2544 | D        | Noticed Frances
  2553 | D        | Killed from afar by Frances

Illustrated notes

Levels and vault maps discovered:
D:        dungeon_sprint_mu [sprint_mu_entry_forest, sprint_mu_temple_rooms,
          sprint_mu_d1_spiders, sprint_mu_d2_genie, sprint_mu_d3_branching,
          sprint_mu_orc_legion, sprint_mu_elf_gauntlet, sprint_mu_hive_nellie,
          sprint_mu_lair_fedhas, sprint_mu_vaults_butterflies,
          sprint_mu_slime_circle, sprint_mu_swamp_cave, sprint_mu_shoals_kraken,
          sprint_mu_blade_basic, sprint_mu_crypt_lich, sprint_mu_tomb_spiral,
          sprint_mu_vestibule_basic, sprint_mu_gehenna_hellfire,
          sprint_mu_dis_giant, sprint_mu_tartarus_statrot,
          sprint_mu_cocytus_islands, sprint_mu_zot1]

Skill      XL: |  1  2  3  4  5  6  7  8  9 10 |
---------------+-------------------------------+-----
Fighting       | 5 7 8 9 11 12 14 16 | 16.2
Axes           | 5 7 9 10 12 13 15 16 18 | 18.0
Armour         | 3 4 5 6 9 |  9.0
Dodging        | 3 4 5 6 7 8 9 |  9.4
Stealth        | 1 2 3 6 8 9 |  9.7
Evocations     | 1 4 7 8 |  8.6
Throwing       | 2 |  2.3

Action                   |  1- 3 |  4- 6 |  7- 9 | 10-12 || total
-------------------------+-------+-------+-------+-------++-------
Melee: Hand axe          |    13 |    13 |    53 |       ||    79
       Headbutt          |     3 |     1 |    14 |    11 ||    29
       Kick              |       |     3 |    23 |    28 ||    54
       Punch             |       |       |     2 |       ||     2
       Battleaxe         |       |       |     7 |   105 ||   112
Throw: Boomerang         |       |       |       |    15 ||    15
Invok: Berserk           |     2 |     3 |     5 |     2 ||    12
       Brothers in Arms  |       |       |     1 |       ||     1
 Abil: Evoke Invisibilit |       |       |     6 |     4 ||    10
Evoke: Lightning rod     |       |       |    10 |       ||    10
  Use: Potion            |     1 |     3 |     1 |       ||     5
 Stab: Invisible         |       |       |     6 |     6 ||    12
       Sleeping          |       |       |     1 |       ||     1
       Distracted        |       |       |       |     1 ||     1
Armor: Animal skin       |     3 |       |       |       ||     3
       Plate armour      |       |       |     4 |    51 ||    55
Dodge: Dodged            |     6 |     1 |    16 |    53 ||    76
